 Dungeon Crawl Stone Soup version 0.26.1-11-gd32895ea62 (webtiles) character file.

Game seed: 2107723027403043181

62272 dtburroughs the Cleaver (level 14, -12/129 HPs)
             Began as a Minotaur Berserker on July 8, 2021.
             Was an Elder of Trog.
             Killed from afar by Jorgrun (38 damage)
             ... with an iron shot
             ... on level 12 of the Dungeon.
             The game lasted 00:56:07 (24044 turns).

dtburroughs the Cleaver (Minotaur Berserker)       Turns: 24044, Time: 00:56:08

Health: -12/129    AC: 18    Str: 23    XL:     14   Next: 63%
Magic:  13/13      EV: 10    Int:  7    God:    Trog [****..]
Gold:   1534       SH: 15    Dex: 15    Spells: 13/13 levels left

rFire    + + +     SeeInvis .   G - +3 broad axe (vorpal)
rCold    + + +     Faith    +   W - +2 shield of Resistance {rF++ rC++ Will++}
rNeg     . . .     Spirit   .   E - +0 plate armour
rPois    .         Reflect  .   (helmet restricted)
rElec    .         Harm     .   (no cloak)
rCorr    +         Rampage  .   (no gloves)
Will     +++++                  n - +1 pair of boots
Stlth    ..........             p - amulet "Ichoukkiuva" {Faith *Corrode +Blink rF+ rC+}
HPRegen  1.31/turn              D - ring of Mysticism {Will+ AC+4 Dex+4}
MPRegen  0.13/turn              y - ring of resist corrosion

@: grasped by roots, corroded, regenerating, constricted, studying Axes
A: retaliatory headbutt, horns 2
a: Renounce Religion, Evoke Blink, Berserk, Trog's Hand, Brothers in Arms


You were on level 12 of the Dungeon.
You worshipped Trog.
Trog was greatly pleased with you.
You visited 2 branches of the dungeon, and saw 18 of its levels.
You also visited: Volcano.

You collected 1805 gold pieces.
You spent 271 gold pieces at shops.

Inventory:

Hand Weapons
 x - the +2 flail of Maawnaad {vorpal, *Noise rPois rC+}
   (You found it on level 11 of the Dungeon)

   It inflicts extra damage upon your enemies.
   It protects you from cold.
   It protects you from poison.
   It may make noises in combat.
 A - the +6 demon whip of Riude {flame, *Noise rF+ Str+2}
   (Trog gifted it to you on level 4 of the Lair of Beasts)

   It has been specially enchanted to burn those struck by it, causing extra
   injury to most foes and up to half again as much damage against particularly
   susceptible opponents.
   It affects your strength (+2).
   It protects you from fire.
   It may make noises in combat.
 G - a +3 vorpal broad axe (weapon)
Armour
 n - a +1 pair of boots (worn)
 E - a +0 plate armour (worn)
 W - the +2 shield of Resistance (worn) {rF++ rC++ Will++}
   (You found it on level 2 of the Lair of Beasts)

   It greatly protects you from fire.
   It greatly protects you from cold.
   It affects your willpower, your defense against some magical effects.
Jewellery
 p - the amulet "Ichoukkiuva" (around neck) {Faith *Corrode +Blink rF+ rC+}
   (You found it on level 11 of the Dungeon)

   [amulet of faith]

   It allows you to gain divine favour quickly.
   It protects you from fire.
   It protects you from cold.
   It lets you blink.
   It may corrode you when you take damage.
 y - a ring of resist corrosion (right hand)
 D - the ring of Mysticism (left hand) {Will+ AC+4 Dex+4}
   (You found it on level 11 of the Dungeon)

   [ring of protection]

   It affects your AC (+4).
   It affects your dexterity (+4).
   It affects your willpower, your defense against some magical effects.
 J - an uncursed amulet of regeneration {unknown}
 O - an uncursed ring of poison resistance
 Q - a +6 ring of strength
 T - an uncursed amulet of faith
Wands
 a - a wand of paralysis (9)
 o - a wand of flame (21)
 B - a wand of random effects (13)
 H - a wand of iceblast (11)
 N - a wand of disintegration (17)
Scrolls
 b - 5 scrolls of fear
 d - 6 scrolls of enchant armour
 g - 3 scrolls of magic mapping
 h - 3 scrolls of fog
 i - 2 scrolls of random uselessness {unknown}
 k - 5 scrolls of remove curse
 l - 16 scrolls of teleportation
 t - 3 scrolls of immolation
 z - 2 scrolls of summoning {unknown}
 P - 2 scrolls of noise {unknown}
 R - 3 scrolls of brand weapon
 Y - a scroll of blinking {unknown}
Potions
 e - 4 potions of attraction
 f - 4 potions of curing
 j - a potion of berserk rage {unknown}
 m - 2 potions of mutation {unknown}
 q - 2 potions of cancellation {unknown}
 r - a potion of invisibility {unknown}
 s - a potion of might {unknown}
 u - a potion of magic {unknown}
 v - 3 potions of resistance {unknown}
 w - 4 potions of lignification
 C - 2 potions of haste
 I - 2 potions of flight
 V - a potion of ambrosia {unknown}
Books
 F - a manual of Axes


   Skills:
 + Level 13.2 Fighting
 + Level 13.4 Axes
 + Level 13.0 Armour
 + Level 12.1 Dodging
 + Level 12.7 Shields
 + Level 9.1 Evocations


You had 13 spell levels left.
You didn't know any spells.
Your spell library was empty.

Dungeon Overview and Level Annotations

Branches:
Dungeon (12/15)            Temple (0/1) D:7            Lair (6/6) D:8
  Swamp (0/4) Lair:2        Snake (0/4) Lair:2        Slime (0/5) Lair:5
    Orc (0/2) D:11        Volcano (visited)

Altars:
Dithmenos
Fedhas
Kikubaaqudgha
Nemelex Xobeh
Ru
Sif Muna
Trog
Wu Jian
Xom
Zin
Jiyva

Shops:
D:11 ?[((

Annotations:
D:12 Jorgrun
Lair:1 1 runed translucent door, exclusion: 3 oklob plants, vvl's ghost, journeyman MfBe


Innate Abilities, Weirdness & Mutations

You reflexively headbutt those who attack you in melee.
You have a pair of horns on your head.


Message History

The wall shatters!
The blast of rock fragments hits you but does no damage.
* * * LOW HITPOINT WARNING * * *
The grasping roots constrict you!
Jorgrun hits you with a +0 vorpal quarterstaff.
* * * LOW HITPOINT WARNING * * *
x3 The grasping roots constrict you!
Okay, then.
Okay, then.
You feel better.
Jorgrun hits you with a +0 vorpal quarterstaff.
* * * LOW HITPOINT WARNING * * *
x2 The grasping roots constrict you.
You feel better.
Jorgrun hits you with a +0 vorpal quarterstaff.
* * * LOW HITPOINT WARNING * * *
x3 The grasping roots constrict you.
Jorgrun gestures at you while chanting. The iron shot hits you!!!
You die...

......................##
........................
........................
........................
(.......................
........................
#######.##############..
######g)####### ######.<
.......@....... ........
............... ........
............... ........
............... ........
............... ........
.........$..(.. ........
............(.. ........
............... ........


You could see Jorgrun (fast).

Vanquished Creatures
  A fire dragon (Lair:6)
  Josephine (D:10)
  11 hydras
  Harold (D:8)
  A catoblepas (Lair:6)
  A dancing weapon (Volcano)
  2 two-headed ogres
  Urug (D:10)
  3 death yaks (Lair:4)
  A deep elf knight (D:11)
  Sonja (D:11)
  The ghost of jlumianski the Magician, a novice GnWr of Okawaru (D:6)
  2 unseen horrors
  7 wizards
  2 lindwurms
  An orc knight (D:11)
  A cyclops (D:12)
  6 elephants
  An ice statue (D:12)
  An ugly thing (D:12)
  Joseph (D:11)
  5 toenail golems (Volcano)
  Maurice (D:9)
  9 black mambas
  3 molten gargoyles (Lair:6)
  12 cane toads
  A torpor snail (Lair:6)
  2 gargoyles (D:11)
  3 rime drakes
  20 komodo dragons
  A troll (D:10)
  A hornet (D:12)
  Prince Ribbit (D:8)
  9 blink frogs
  9 dream sheep
  33 yaks
  7 wyverns
  5 wraiths (D:10)
  A shadow (D:12)
  7 basilisks
  A steam dragon (Lair:6)
  13 water moccasins
  4 hell hounds (Lair:6)
  2 black bears
  4 ice beasts
  5 orc warriors
  2 hornet zombies
  A phantom (D:9)
  2 sky beasts
  A necrophage (D:9)
  6 ogres
  12 wolves
  2 centaurs
  2 big kobolds
  12 bullfrogs
  A scorpion (D:10)
  4 killer bees (D:8)
  11 wights
  An electric eel (Lair:3)
  A howler monkey (D:8)
  2 centaur zombies
  A bullfrog zombie (D:7)
  5 lava snakes (Lair:6)
  6 hounds
  15 orc wizards
  2 bullfrog skeletons
  10 orc priests
  3 jellies
  2 centaur skeletons
  14 iguanas
  Jessica (D:3)
  2 worker ants
  A killer bee zombie (D:7)
  A hound skeleton (D:4)
  A worker ant zombie (D:11)
  3 gnolls (D:7)
  12 adders
  3 shadow imps
  5 white imps (D:6)
  An ufetubus (D:9)
  An ooze (D:3)
  2 adder skeletons
  7 worms
  A dart slug (D:2)
  12 leopard geckos
  52 orcs
  7 bats
  5 giant cockroaches
  2 goblins
  3 hobgoblins
  2 jackals (D:7)
  20 kobolds
  6 quokkas
  4 ball pythons
  14 frilled lizards
  A giant cockroach simulacrum (D:6)
  2 leopard gecko skeletons (D:4)
  11 rats
506 creatures vanquished.

Vanquished Creatures (collateral kills)
  A hydra (Lair:6)
  A black mamba (Lair:6)
  3 wolves (Lair:6)
5 creatures vanquished.

Vanquished Creatures (others)
  A frilled lizard (Lair:3)
  26 fungi
  44 plants
71 creatures vanquished.

Grand Total: 582 creatures vanquished

Notes
Turn   | Place    | Note
-------+----------+-------------------------------------------
     0 | D:1      | dtburroughs the Minotaur Berserker began the quest for the
                  | Orb.
     0 | D:1      | Reached XP level 1. HP: 19/19 MP: 0/0
   340 | D:1      | HP: 1/20 [bat (1)]
   346 | D:1      | Reached XP level 2. HP: 2/27 MP: 1/1
  1246 | D:2      | Reached XP level 3. HP: 13/33 MP: 2/2
  1515 | D:2      | Reached skill level 1 in Shields
  1741 | D:2      | Reached ** piety under Trog
  1941 | D:2      | Reached XP level 4. HP: 40/40 MP: 3/3
  2290 | D:3      | Noticed Jessica
  2292 | D:3      | Noticed a bullfrog
  2298 | D:3      | Killed a bullfrog
  2299 | D:3      | Reached XP level 5. HP: 46/47 MP: 4/4
  2310 | D:3      | Killed Jessica
  2469 | D:3      | Noticed a moth of wrath
  2472 | D:3      | Found a bloodstained altar of Trog.
  2872 | D:3      | Found a shimmering blue altar of Sif Muna.
  3105 | D:4      | Reached skill level 5 in Axes
  3105 | D:4      | Reached XP level 6. HP: 19/55 MP: 5/5
  3350 | D:4      | Reached skill level 5 in Fighting
  4047 | D:4      | Found a sacrificial altar of Ru.
  4188 | D:5      | Entered Level 5 of the Dungeon
  4332 | D:5      | Noticed a sky beast
  4360 | D:5      | Killed a sky beast
  4361 | D:5      | Reached XP level 7. HP: 33/61 MP: 6/6
  4688 | D:5      | Found a shadowy altar of Dithmenos.
  4723 | D:5      | Reached skill level 5 in Armour
  4860 | D:5      | Found a blossoming altar of Fedhas.
  5064 | D:6      | Found a runed translucent gate.
  5064 | D:6      | Found a runed translucent gate.
  5064 | D:6      | Found a runed translucent gate.
  5333 | D:6      | Reached skill level 5 in Dodging
  5333 | D:6      | Reached XP level 8. HP: 55/70 MP: 7/7
  5348 | D:6      | Noticed jlumianski's ghost (novice GnWr)
  5374 | D:6      | Killed jlumianski's ghost
  5375 | D:6      | Reached skill level 5 in Shields
  5678 | D:6      | Found a shimmering altar of Xom.
  5810 | D:6      | Found a shadowy altar of Dithmenos.
  5810 | D:6      | Found a glowing silver altar of Zin.
  5845 | D:6      | Reached *** piety under Trog
  6154 | D:7      | Reached XP level 9. HP: 79/79 MP: 8/8
  6207 | D:7      | Reached skill level 1 in Evocations
  6543 | D:7      | Found a staircase to the Ecumenical Temple.
  7259 | D:8      | Noticed Harold
  7282 | D:8      | Killed Harold
  7373 | D:8      | Reached **** piety under Trog
  7558 | D:8      | You fall into a shaft and drop 2 floors!
  7558 | D:10     | Entered Level 10 of the Dungeon
  7558 | D:10     | Noticed a komodo dragon
  7584 | D:10     | Killed a komodo dragon
  7585 | D:10     | Reached XP level 10. HP: 71/89 MP: 9/9
  7626 | D:10     | Killed an unseen horror
  8045 | D:10     | Noticed Urug
  8092 | D:10     | Killed Urug
  8827 | D:10     | Noticed Josephine
  8850 | D:10     | Killed Josephine
  8851 | D:10     | Reached XP level 11. HP: 71/97 MP: 10/10
  9144 | D:10     | Noticed a two-headed ogre
  9155 | D:10     | Killed a two-headed ogre
  9644 | D:9      | Reached skill level 5 in Evocations
  9717 | D:9      | Found an ornate altar of the Wu Jian Council.
 10018 | D:9      | Reached ***** piety under Trog
 10134 | D:9      | Noticed Maurice
 10146 | D:9      | Killed Maurice
 10170 | D:9      | Reached skill level 10 in Axes
 10323 | D:9      | Found an ancient bone altar of Kikubaaqudgha.
 10711 | D:9      | Found a sparkling altar of Nemelex Xobeh.
 10910 | D:8      | Reached skill level 10 in Fighting
 10910 | D:8      | Found a staircase to the Lair.
 11118 | D:8      | Noticed Prince Ribbit
 11134 | D:8      | Killed Prince Ribbit
 11833 | D:11     | Noticed Sonja
 11964 | Lair:1   | Entered Level 1 of the Lair of Beasts
 12284 | Lair:1   | Found a runed translucent door.
 12285 | Lair:1   | Noticed vvl's ghost (journeyman MfBe)
 12315 | Lair:1   | Noticed a four-headed hydra
 12553 | Lair:1   | Noticed an oklob plant
 12558 | Lair:1   | Noticed an oklob plant
 12558 | Lair:1   | Noticed an oklob plant
 13085 | Lair:1   | Reached skill level 10 in Armour
 13853 | Lair:2   | Found a staircase to the Swamp.
 13958 | Lair:2   | Found the +2 shield of Resistance {rF++ rC++ Will++}
 14009 | Lair:2   | Killed a four-headed hydra
 14262 | Lair:2   | Found a staircase to the Snake Pit.
 14285 | Lair:2   | Reached XP level 12. HP: 91/107 MP: 11/11
 15323 | Lair:3   | Noticed an eight-headed hydra
 15338 | Lair:3   | Killed an eight-headed hydra
 15339 | Lair:3   | Reached skill level 10 in Shields
 15711 | Lair:3   | Noticed a seven-headed hydra
 15848 | Lair:3   | Reached skill level 10 in Dodging
 15946 | Lair:3   | Killed a seven-headed hydra
 16303 | Lair:3   | Noticed a four-headed hydra
 16312 | Lair:3   | Killed a four-headed hydra
 16880 | Lair:3   | Reached XP level 13. HP: 100/116 MP: 12/12
 17310 | Lair:4   | Found a dark tunnel.
 17320 | Volcano  | Entered a volcano
 18410 | Lair:4   | Received a gift from Trog
 18413 | Lair:4   | Got a crystal demon whip {god gift}
 18414 | Lair:4   | Identified the +6 demon whip of Riude {flame, *Noise rF+
                  | Str+2} (Trog gifted it to you on level 4 of the Lair of
                  | Beasts)
 18907 | Lair:5   | Found a viscous altar of Jiyva.
 18909 | Lair:5   | Found a staircase to the Slime Pits.
 19266 | Lair:5   | You fall into a shaft and drop 1 floor!
 19266 | Lair:6   | Entered Level 6 of the Lair of Beasts
 20603 | Lair:6   | Reached XP level 14. HP: 127/127 MP: 13/13
 21357 | Lair:6   | Found a large runed translucent door.
 21357 | Lair:6   | Found a large runed translucent door.
 21388 | Lair:6   | Received a gift from Trog
 22632 | D:11     | Killed Sonja
 22680 | D:11     | Noticed Joseph
 22706 | D:11     | Killed Joseph
 22870 | D:11     | Found Otiheox's Weapon Emporium.
 22875 | D:11     | Found a staircase to the Orcish Mines.
 22885 | D:11     | Found Woime's Armour Emporium.
 22972 | D:11     | Found Memunwus's Weapon Boutique.
 23011 | D:11     | Got a clouded ruby amulet
 23012 | D:11     | Identified the amulet "Ichoukkiuva" {Faith *Corrode +Blink
                  | rF+ rC+} (You found it on level 11 of the Dungeon)
 23241 | D:11     | Found Vaxiur's Magic Scroll Shoppe.
 23251 | D:11     | Got a bloodstained flail
 23261 | D:11     | Bought a scroll of fear for 59 gold pieces
 23261 | D:11     | Bought a scroll of teleportation for 51 gold pieces
 23261 | D:11     | Bought a scroll of teleportation for 51 gold pieces
 23261 | D:11     | Bought a scroll of teleportation for 51 gold pieces
 23261 | D:11     | Bought a scroll of magic mapping for 59 gold pieces
 23373 | D:11     | Got a glittering jade ring
 23413 | D:11     | Identified the ring of Mysticism {Will+ AC+4 Dex+4} (You
                  | found it on level 11 of the Dungeon)
 23801 | D:12     | Identified the cursed +2 flail of Maawnaad {vorpal, *Noise
                  | rPois rC+} (You found it on level 11 of the Dungeon)
 24021 | D:12     | Identified the +2 ring mail "Xomufow" {rF- rC+ Str+6}
 24025 | D:12     | Noticed Jorgrun
 24041 | D:12     | HP: 6/129 [Jorgrun/+0 vorpal quarterstaff (4)]
 24044 | D:12     | Killed from afar by Jorgrun

Illustrated notes

Levels and vault maps discovered:
D:1:      lightli_arrival_statue_moat, layout_loops_ring
D:2:      layout_loops_ring
D:3:      layout_loops_ring, tgw_trog, led_sif_pool, uniq_jessica
D:4:      layout_loops_corners, general_overflow_altar, minmay_misc_feat_hallway
D:5:      layout_rooms, kennysheep_little_box,
          nicolae_dithmenos_through_a_glass_darkly
D:6:      layout_rooms, xom_butterflies, gammafunk_temple_overflow_pools,
          gammafunk_ghost_icy
D:7:      layout_loops_ring, minmay_temple_entry_proselytizer,
          grunt_decor_one_mirror, amcnicky_mini_rare_corridor_liquid
D:8:      layout_loops_ring, lair_entry_dummy, uniq_harold, uniq_prince_ribbit1
D:9:      layout_basic, lemuel_doored_altar, lemuel_coloured_pillars_altar,
          kennysheep_mini, serial_glass, glass_columns_c, glass_columns_b,
          uniq_maurice
D:10:     layout_loops_ring, enter_bailey_2, uniq_josephine, uniq_urug
D:11:     layout_irregular_city, orc_david_3, serial_shops,
          nicolae_shop_statue_plus, kennysheep_mini_moat, sword_in_stone,
          uniq_sonja
D:12:     layout_long_grid, st_stairs_14, minivault_15, uniq_jorgrun
Lair:1:   layout_cellular_growth, ebering_ghost_inner_flame,
          minmay_lair_oklob_chamber
Lair:2:   layout_small_grid, swamp_mist_pool, minmay_snake_entry_six_corridors,
          grunt_megastairs_5
Lair:3:   lemuel_reptile_caves, layout_loops_ring, nzn_random_ring
Lair:4:   layout_gridlike, lightli_volcano_entry_magma_tube
Lair:5:   layout_concentric_octagons, slime_altar_1
Lair:6:   cheibrodos_lair_end_hotspot, layout_cave_pods

Skill      XL: |  1  2  3  4  5  6  7  8  9 10 11 12 13 14 |
---------------+-------------------------------------------+-----
Axes           | 4 5 6 7 8 9 10 11 12 13 | 13.4
Fighting       | 4 5 6 7 8 9 10 11 12 13 | 13.2
Armour         | 3 4 5 6 8 9 10 11 12 13 | 13.0
Shields        | 1 2 3 4 5 7 8 9 10 12 | 12.7
Dodging        | 3 4 5 6 7 8 9 10 11 12 | 12.1
Evocations     | 3 4 6 7 8 9 |  9.1

Action                   |  1- 3 |  4- 6 |  7- 9 | 10-12 | 13-15 || total
-------------------------+-------+-------+-------+-------+-------++-------
Melee: Hand axe          |    91 |   185 |   307 |       |       ||   583
       Headbutt          |    10 |    29 |    79 |   186 |   171 ||   475
       War axe           |       |       |   123 |   721 |   195 ||  1039
       Flail             |       |       |       |    37 |       ||    37
       Demon whip        |       |       |       |       |   242 ||   242
       Broad axe         |       |       |       |       |   152 ||   152
Invok: Trog's Hand       |       |     1 |     9 |     8 |     8 ||    26
       Berserk           |       |       |     1 |     3 |       ||     4
       Brothers in Arms  |       |       |       |       |     1 ||     1
Evoke: Wand              |       |       |     4 |       |     1 ||     5
  Use: Scroll            |       |       |    10 |     1 |    17 ||    28
       Potion            |       |       |       |       |     9 ||     9
Armor: Animal skin       |    11 |       |       |       |       ||    11
       Chain mail        |    31 |    66 |   101 |       |       ||   198
       Leather armour    |       |       |    14 |       |       ||    14
       Scale mail        |       |       |    17 |   121 |       ||   138
       Plate armour      |       |       |       |   102 |   215 ||   317
Dodge: Dodged            |    35 |    20 |    65 |   220 |   213 ||   553
Block: Tower shield      |    37 |    95 |   321 |   412 |       ||   865
       Kite shield       |       |       |       |   237 |   451 ||   688
